 Dungeon Crawl Stone Soup version 0.24-a0-205-g1d96822 (webtiles) character file.

Game seed: 1507860371625086061

78 Hylith the Cudgeler (level 4, -5/61 HPs)
             Began as a Minotaur Berserker on Mar 28, 2019.
             Was a Believer of Trog.
             Killed by nerve-wracking pain
             ... invoked by Grinder
              (11 damage)
             ... on level 3 of the Dungeon.
             The game lasted 00:04:00 (1765 turns).

Hylith the Cudgeler (Minotaur Berserker)            Turns: 1765, Time: 00:04:01

Health: -5/61      AC:  6    Str: 28    XL:     4   Next: 15%
Magic:  0/3        EV: 12    Int:  4    God:    Trog [**....]
Gold:   156        SH:  0    Dex:  9    Spells: 3/3 levels left

rFire    . . .     SeeInvis .   a - +0 mace
rCold    + + .     Gourm    .   (no shield)
rNeg     . . .     Faith    .   q - +1 ring mail {rC+}
rPois    .         Spirit   +   (helmet restricted)
rElec    .         Reflect  .   (no cloak)
rCorr    .         Harm     .   (no gloves)
MR       .....                  (no boots)
Stlth    ..........             j - amulet of guardian spirit
HPRegen  0.20/turn              p - ring of protection from cold
MPRegen  0.08/turn              (no ring)

@: berserking, very quick
A: retaliatory headbutt, horns 2
a: Berserk, Trog's Hand, Renounce Religion


You were on level 3 of the Dungeon.
You worshipped Trog.
Trog was pleased with you.
You were full.

You visited 1 branch of the dungeon, and saw 3 of its levels.

You collected 156 gold pieces.

Inventory:

Hand Weapons
 a - a +0 mace (weapon)
Armour
 d - a +0 leather armour
 q - a +1 ring mail of cold resistance (worn)
Jewellery
 e - an uncursed amulet of the gourmand
 j - an amulet of guardian spirit (around neck)
 p - a ring of protection from cold (left hand)
Wands
 v - a wand of digging (7)
Scrolls
 b - 2 scrolls of enchant armour {unknown}
 f - a scroll of amnesia {unknown}
 i - 4 scrolls of remove curse {unknown}
 l - a scroll of fear {unknown}
 n - a scroll of blinking {unknown}
 o - a scroll of enchant weapon {unknown}
 r - a scroll of immolation {unknown}
Potions
 g - a potion of cancellation {unknown}
 k - a potion of resistance {unknown}
 m - a potion of agility {unknown}
 s - a potion of might {unknown}
 t - a potion of flight {unknown}
 u - a potion of curing {unknown}
Comestibles
 c - 4 rations
 h - a chunk of flesh


   Skills:
 * Level 4.5 Fighting
 * Level 4.8 Maces & Flails
 * Level 2.9 Armour
 * Level 2.7 Dodging


You had 3 spell levels left.
You didn't know any spells.
Your spell library was empty.

Dungeon Overview and Level Annotations

Branches:
Dungeon (3/15)

Altars:

Annotations:
D:3 Grinder


Innate Abilities, Weirdness & Mutations

You reflexively headbutt those who attack you in melee.
You have a pair of horns on your head.


Message History

Pain shoots through your body!
You closely miss Grinder.
Grinder is severely wounded.
Grinder gestures at you. Pain shoots through your body!
You hit Grinder but do no damage. You headbutt Grinder.
Grinder is severely wounded.
Grinder barely misses you. You furiously retaliate!
You headbutt Grinder, but do no damage. Grinder hits you.
You writhe in agony.
You closely miss Grinder.
Grinder is severely wounded.
Grinder hits you!
* * * LOW HITPOINT WARNING * * *
You writhe in agony.
* * * LOW HITPOINT WARNING * * *
A red film seems to cover your vision as you go berserk!
You feel yourself moving faster!
You feel mighty!
You feel a lot less full. Grinder gestures at you.
Pain shoots through your body!
You die...

###+ .............(....
###.#. .................#
...... .................##
...#.. ....................
...... ....................
####..
...........................
#...............≈..§......
#.....)).@5.....≈..§......
#...............≈≈≈.......
#..............≈≈≈≈≈......
#..............≈≈≈≈≈§.....
#..........[..≈≈§≈≈§§≈§...
#.............≈≈≈≈≈≈§§≈≈..
#...........≈≈≈≈≈≈≈§§§≈≈≈.
#.........#...≈≈≈≈≈≈§§≈...
##.......##.....≈≈≈≈≈.....


You could see Grinder.

Vanquished Creatures
  2 adders
  An ooze (D:1)
  4 dart slugs
  A leopard gecko (D:1)
  4 giant cockroaches
  4 goblins
  8 hobgoblins
  8 kobolds
  7 bats
  2 frilled lizards
  6 rats
47 creatures vanquished.

Vanquished Creatures (others)
  Ijyb (D:3)
1 creature vanquished.

Grand Total: 48 creatures vanquished

Notes
Turn   | Place    | Note
-------+----------+-------------------------------------------
     0 | D:1      | Hylith the Minotaur Berserker began the quest for the Orb.
     0 | D:1      | Reached XP level 1. HP: 19/19 MP: 0/0
   263 | D:1      | Reached XP level 2. HP: 22/27 MP: 1/1
   702 | D:2      | Reached XP level 3. HP: 31/33 MP: 2/2
   849 | D:2      | Reached ** piety under Trog
  1339 | D:3      | Killed Ijyb
  1400 | D:3      | Reached XP level 4. HP: 41/41 MP: 3/3
  1741 | D:3      | Noticed Grinder
  1765 | D:3      | Killed from afar by Grinder

Levels and vault maps discovered:
D:1:      dpeg_arrival_arbitrary_c, layout_basic, nrook_campfire,
          minmay_misc_feat_tiny
D:2:      layout_rooms, serial_forest, infiniplex_forest_split,
          infiniplex_forest_lined_2, infiniplex_forest_clump_diagonal,
          infiniplex_forest_lined_2
D:3:      layout_rooms, first_ration, chequers_arboretum, lemuel_old_faithful,
          uniq_ijyb, uniq_grinder

Skill      XL: |  1  2 |
---------------+-------+-----
Fighting       | 4 |  4.5
Maces & Flails | 4 |  4.8
Armour         | |  2.9
Dodging        | |  2.7

Action                   |  1- 3 |  4- 6 || total
-------------------------+-------+-------++-------
Melee: Mace              |    78 |    21 ||    99
       Headbutt          |    16 |     3 ||    19
Invok: Berserk           |       |     1 ||     1
  Eat: Chunk             |    12 |       ||    12
Armor: Leather armour    |    21 |       ||    21
       Animal skin       |     1 |       ||     1
       Ring mail         |       |     5 ||     5
Dodge: Dodged            |    50 |    15 ||    65

Table legend:
 A = Non-vault XP
 B = Vault XP
 C = Vault XP percentage of total XP
 D = Non-vault monster count
 E = Vault monster count
 F = Vault count percentage of total count
                 A         B        C        D         E       F
            +---------+---------+-------+---------+---------+-------
      Total |     112 |       0 |   0.0 |      47 |       0 |   0.0
            +---------+---------+-------+---------+---------+-------
        D:1 |      30 |       0 |   0.0 |      13 |       0 |   0.0
        D:2 |      49 |       0 |   0.0 |      21 |       0 |   0.0
        D:3 |      33 |       0 |   0.0 |      13 |       0 |   0.0
            +---------+---------+-------+---------+---------+-------
